AoeStats
← GimmeYourTots

Arena

510132475Analyzed
1v1 RM · 2d ago on Sep 29, 2026· 39m 30s· 2 players
Game mode
Random Map
Map size
Tiny (2 player)
Population
200
Speed
Normal
Resources
Standard
Victory
Conquest
Starting age
Dark Age
Ending age
Imperial Age
RankedLock teamsTeams togetherTeam positionsShared explorationLock speedFull tech treeHidden civsTurbo modeCheats
Victory
Defeat
🇺🇸 Franks · United States
551
+13
🇳🇱 Franks · Netherlands
492
-13
sjonsjon [nl]
13:10 Feudal Age
13:50 Loom
15:11 Wheelbarrow
15:31 Double-Bit Axe
16:06 Scale Mail Armor
18:50 Forging
22:43 Castle Age
21:48 Scale Barding Armor
24:17 Man-at-Arms
27:03 Iron Casting
30:51 Husbandry
GimmeYourTots
10:41 Feudal Age
12:39 Wheelbarrow
13:44 Double-Bit Axe
16:52 Forging
16:47 Scale Mail Armor
16:55 Gold Mining
17:59 Scale Barding Armor
17:47 Loom
17:58 Stone Mining
21:25 Fletching
21:36 Padded Archer Armor
25:42 Castle Age
26:42 Husbandry
26:50 Husbandry
27:55 Pikeman
29:16 Iron Casting
30:49 Chain Barding Armor
30:46 Chain Mail Armor
30:50 Murder Holes
Connection lost

Rejoining the realm…

Still unreachable

The connection could not be restored.

Session expired

The server has moved on; the page needs a fresh start.